 Dungeon Sprint DCSS version 0.21-a0-297-ga3d34c2 (webtiles) character file.

110 Kidiri the Thaumaturge (level 4, -1/24 HPs)
             Began as a Deep Elf Fire Elementalist on Sept 28, 2017.
             Slain by an ufetubus (2 damage)
             ... summoned by a ynoxinul
             ... summoned by a kobold demonologist
             ... in the Dungeon (Sprint III: "The Ten Rune Challenge").
             The game lasted 00:02:19 (539 turns).

Kidiri the Thaumaturge (Deep Elf Fire Elementalist)  Turns: 539, Time: 00:02:21

Health: -1/24      AC:  3    Str:  5    XL:     4   Next: 61%
Magic:  4/17       EV: 13    Int: 21    God:
Gold:   37         SH:  0    Dex: 15    Spells: 8/21 levels left

rFire    + . .     SeeInvis .   (no weapon)
rCold    . . .     Gourm    .   (no shield)
rNeg     . . .     Faith    .   a - +0 robe
rPois    .         Spirit   .   (no helmet)
rElec    .         Reflect  .   (no cloak)
rCorr    .         Harm     .   (no gloves)
MR       +....     NoTele   +   k - +0 pair of boots
Stlth    ++........             (no amulet)
HPRegen  0.08/turn              (no ring)
MPRegen  0.15/turn              (no ring)

@: no status effects
A: fire resistance 1, magic resistance 1, mutation resistance 1, screaming 1
a: no special abilities


You were in the Dungeon.
You were not hungry.

You visited 1 branch You collected 37 gold pieces.

Inventory:

Armour
 a - a +0 robe (worn)
 k - a +0 pair of boots (worn)
Scrolls
 i - a scroll of blinking
 l - a scroll of immolation {unknown}
 m - 4 scrolls of identify
 p - a scroll of torment {unknown}
 q - a scroll of remove curse {unknown}
Potions
 d - a potion of curing
 e - a potion of heal wounds
 f - a potion of haste
 g - 2 potions of magic
 h - a potion of berserk rage
 o - 2 potions of flight {unknown}
Books
 b - a book of Flames

   Spells                             Type                      Level
   a - Flame Tongue                   Conjuration/Fire             1
   b - Throw Flame                    Conjuration/Fire             2
   c - Conjure Flame                  Conjuration/Fire             3
   d - Inner Flame                    Hexes/Fire                   3
   e - Sticky Flame                   Conjuration/Fire             4
   f - Fireball                       Conjuration/Fire             5
Comestibles
 c - a bread ration
 n - a meat ration
 r - 3 fruits


   Skills:
 - Level 2.4 Dodging
 - Level 2.4 Stealth
 * Level 9.0 Spellcasting
 + Level 5.1 Conjurations
 + Level 6.0 Fire Magic


You had 8 spell levels left.
You knew the following spells:

 Your Spells              Type           Power        Failure   Level  Hunger
a - Flame Tongue          Conj/Fire      ####.        1%          1    None
b - Throw Flame           Conj/Fire      ####..       1%          2    None
c - Conjure Flame         Conj/Fire      ####....     2%          3    None
d - Inner Flame           Hex/Fire       ###.....     6%          3    None
e - Sticky Flame          Conj/Fire      ####....     7%          4    ###....


Dungeon Overview and Level Annotations

Branches:
Dungeon (1/1)

Altars:
Kikubaaqudgha
Sif Muna
Vehumet


Innate Abilities, Weirdness & Mutations

Your flesh is heat resistant. (rF+)
You are resistant to hostile enchantments. (MR+)
You are somewhat resistant to further mutation.
You occasionally shout uncontrollably at your foes.


Message History

The quasit bites you but does no damage.
The quasit closely misses you. x2
The ynoxinul gestures.
The kobold demonologist casts a spell.
There is an open door to the Ecumenical Temple here.
Unknown command.
The ufetubus hits you.
* * * LOW HITPOINT WARNING * * *
The ufetubus barely misses you.
Unknown command.
The quasit disappears in a puff of smoke!
The ufetubus hits you.
* * * LOW HITPOINT WARNING * * *
The ufetubus misses you.
Unknown command.
Unknown command.
The ufetubus hits you.
* * * LOW HITPOINT WARNING * * *
The ufetubus hits you.
You die...

▓<..#...#### ##.#
▓...#......#####..#
▓..##.......#..#..#
▓##.##.##...#..#..###+#+###
##.##.###..##+#..#........
▓#.####.##..###...5.⌠......
▓.###..##..####..3#...#####
▓#.....##..###....#5⌠.#
###..##..@##.....#...#
##..##...5#.5....#3###
#..###..##5#.....#55$# #..#
#..#####....#K5_# ▓▓▓▓ ▓▓▓▓
▓▓▓▓▓▓▓▓▓▓


You could see 2 ufetubi.

Vanquished Creatures
  A water elemental (D)
  A wizard (D)
  A human (D)
  An ooze (D)
  A phantom (D)
  3 rats (D)
8 creatures vanquished.

Vanquished Creatures (others)
  2 draconian scorchers (D)
  6 hellions (D)
  2 yaktaurs (D)
  5 plants (D)
15 creatures vanquished.

Grand Total: 23 creatures vanquished

Notes
Turn   | Place    | Note
-------+----------+-------------------------------------------
     0 | D        | Kidiri the Deep Elf Fire Elementalist began the quest for the Orb.
     0 | D        | Reached XP level 1. HP: 10/10 MP: 6/6
     8 | D        | Reached skill level 4 in Spellcasting
    29 | D        | Killed a yaktaur
    91 | D        | Killed a hellion
   130 | D        | Reached XP level 2. HP: 11/15 MP: 5/9
   134 | D        | Learned a level 2 spell: Throw Flame
   171 | D        | Killed a white draconian scorcher
   182 | D        | Killed a hellion
   191 | D        | Killed a hellion
   205 | D        | Reached skill level 6 in Spellcasting
   205 | D        | Reached XP level 3. HP: 9/19 MP: 0/12
   210 | D        | Learned a level 3 spell: Conjure Flame
   214 | D        | Learned a level 3 spell: Inner Flame
   214 | D        | Killed a hellion
   215 | D        | Killed a white draconian scorcher
   225 | D        | Killed a hellion
   287 | D        | Killed a yaktaur
   334 | D        | Killed a hellion
   377 | D        | Gained mutation: You have large cloven feet. [potion of mutation]
   377 | D        | Gained mutation: You are partially covered in yellow scales. (AC +2) [potion of mutation]
   377 | D        | Gained mutation: You are agile. (Dex +2) [potion of mutation]
   377 | D        | Gained mutation: You possess an exceptional clarity of mind. [potion of mutation]
   378 | D        | Lost mutation: You are partially covered in yellow scales. (AC +2) [potion of mutation]
   378 | D        | Lost mutation: You are agile. (Dex +2) [potion of mutation]
   378 | D        | Gained mutation: You expend magic power (3 MP) to strengthen your wands. [potion of mutation]
   378 | D        | Gained mutation: Your muscles are strong. (Str +2) [potion of mutation]
   379 | D        | Lost mutation: Your muscles are strong. (Str +2) [potion of mutation]
   379 | D        | Lost mutation: You possess an exceptional clarity of mind. [potion of mutation]
   379 | D        | Lost mutation: You expend magic power (3 MP) to strengthen your wands. [potion of mutation]
   379 | D        | Gained mutation: Your flesh is heat resistant. (rF+) [potion of mutation]
   379 | D        | Gained mutation: You have hoof-like feet. [potion of mutation]
   379 | D        | Gained mutation: Your muscles are strong. (Str +2) [potion of mutation]
   380 | D        | Lost mutation: You have hoof-like feet. [potion of mutation]
   380 | D        | Lost mutation: Your muscles are strong. (Str +2) [potion of mutation]
   380 | D        | Lost mutation: You have large cloven feet. [potion of mutation]
   380 | D        | Gained mutation: You are resistant to hostile enchantments. (MR+) [potion of mutation]
   380 | D        | Gained mutation: You occasionally shout uncontrollably at your foes. [potion of mutation]
   380 | D        | Gained mutation: You are somewhat resistant to further mutation. [potion of mutation]
   449 | D        | Noticed a water elemental
   452 | D        | Killed a water elemental
   452 | D        | Reached skill level 8 in Spellcasting
   452 | D        | Reached skill level 5 in Fire Magic
   452 | D        | Reached XP level 4. HP: 24/24 MP: 6/16
   520 | D        | Learned a level 4 spell: Sticky Flame
   520 | D        | Found a radiant altar of Vehumet.
   521 | D        | Found a deep blue altar of Sif Muna.
   521 | D        | Found an ancient bone altar of Kikubaaqudgha.
   521 | D        | Noticed a wizard
   522 | D        | Noticed a ynoxinul
   524 | D        | Killed a wizard
   524 | D        | Reached skill level 9 in Spellcasting
   524 | D        | Reached skill level 5 in Conjurations
   539 | D        | HP: 1/24 [ufetubus[a kobold demonologist] (4)]
   539 | D        | Slain by an ufetubus

Vault maps used:
D:        dungeon_sprint_mu

Skill      XL: |  1  2  3  4 |
---------------+-------------+-----
Spellcasting   | 4 6 8 9 |  9.0
Conjurations   | 2 3 4 5 |  5.1
Fire Magic     | 4 5 6 |  6.0
Dodging        | |  2.4
Stealth        | |  2.4

Action                   |  1- 3 |  4- 6 || total
-------------------------+-------+-------++-------
 Cast: Flame Tongue      |    21 |     2 ||    23
       Throw Flame       |     1 |       ||     1
       Conjure Flame     |     1 |       ||     1
       Sticky Flame      |       |     3 ||     3
  Use: Potion            |     4 |       ||     4
Armor: Robe              |       |     1 ||     1
Dodge: Dodged            |     3 |     9 ||    12

Table legend:
 A = Spawn XP
 B = Non-spawn XP
 C = Spawn XP percentage of total XP
 D = Spawn monster count
 E = Non-spawn monster count
 F = Spawn count percentage of total count
 G = Total turns spent on level
                    A         B        C        D         E        F      G
               +---------+---------+-------+---------+---------+-------+---------
         Total |       0 |     158 |   0.0 |       0 |       8 |   0.0 |   539
               +---------+---------+-------+---------+---------+-------+---------
             D |       0 |     158 |   0.0 |       0 |       8 |   0.0 |   539
               +---------+---------+-------+---------+---------+-------+---------
